 Dungeon Crawl Stone Soup version 0.32-a0-815-g315f82d515 (webtiles) character file.

Game seed: 6800976227977721738

7403 Nvm9 the Fighter (level 10, -5/82 HPs)
             Began as a Demonspawn Fighter on Mar 23, 2024.
             Was a Believer of Qazlal.
             Slain by a manticore (8 damage)
             ... on level 10 of the Dungeon.
             The game lasted 00:19:05 (9183 turns).

Nvm9 the Fighter (Demonspawn Fighter)               Turns: 9183, Time: 00:19:06

Health: -5/82      AC: 18    Str: 20    XL:     10   Next: 92%
Magic:  10/10      EV:  5    Int:  9    God:    Qazlal [**....]
Gold:   1499       SH: 14    Dex: 13    Spells: 9/9 levels left

rFire   . . .        L - +6 war axe (freeze)
rCold   . . .        c - +1 buckler
rNeg    + . .        G - +0 plate armour
rPois   .            E - +1 hat
rElec   .            (no cloak)
rCorr   +            D - +0 pair of gloves
SInv    .            (no boots)
Will    .....        (no amulet) Stlth
                     k - ring of positive energy
HPRegen 1.13/turn    y - ring of resist corrosion
MPRegen 0.12/turn

%: no passive effects
@: slowed, very slow
A: horns 2, icy blue scales 1, powered by pain 1, condensation shield,
regeneration 1
a: Renounce Religion, Upheaval


You were on level 10 of the Dungeon.
You worshipped Qazlal.
Qazlal was pleased with you.
You visited 2 branches of the dungeon, and saw 12 of its levels.
You also visited: Sewer and Ossuary.

You collected 1499 gold pieces.

Inventory:

Hand Weapons
 a - a +0 war axe
 e - a +2 dagger of distortion
 h - the +9 flail of the Painted God {freeze, *Slow +Blink rC+ rN+}
   (You found it on level 8 of the Dungeon)

   rC+:       It protects you from cold.
   rN+:       It protects you from negative energy.
   +Blink:    It lets you blink.
   *Slow:     It may slow you when you take damage.
 l - a +0 war axe of venom
 n - a +2 dire flail of draining
 s - a +10 club
 B - a +0 antimagic morningstar
 H - a +2 scimitar of freezing
 I - a +4 hand axe of freezing
 L - a +6 war axe of freezing (weapon)
 M - a +5 battleaxe
Missiles
 g - 34 poisoned darts (quivered)
 A - 4 throwing nets
Armour
 c - a +1 buckler (worn)
 C - +0 acid dragon scales
 D - a +0 pair of gloves (worn)
 E - a +1 hat (worn)
 G - a +0 plate armour (worn)
Jewellery
 k - a ring of positive energy (left hand)
 y - a ring of resist corrosion (right hand)
 z - a ring of see invisible
Talismans
 F - a maw talisman
Wands
 b - a wand of polymorph (12)
 q - a wand of flame (28)
 t - a wand of paralysis (15)
 K - a wand of acid (3)
Scrolls
 f - a scroll of fog
 i - 9 scrolls of identify
 j - 11 scrolls of teleportation
 o - a scroll of noise
 p - 4 scrolls of enchant armour
 v - a scroll of revelation
 w - a scroll of vulnerability
 x - a scroll of butterflies
Potions
 d - 6 potions of might
 m - 6 potions of curing
 r - a potion of cancellation
 u - 2 potions of heal wounds
 N - a potion of lignification


   Skills:
 * Level 8.8 Fighting
 * Level 7.7 Axes
 - Level 3.3 Throwing
 * Level 8.0 Armour
 * Level 8.0 Shields


You had 9 spell levels left.
You didn't know any spells.
Your spell library contained the following spells:

 Spells                   Type           Power      Damage    Failure   Level
 Magic Dart               Conj           0%         1d3       100%        1
 Summon Small Mammal      Summ           0%         N/A       100%        1
 Blink                    Tloc           0%         N/A       100%        2
 Call Imp                 Summ           0%         N/A       100%        2
 Lesser Beckoning         Tloc           0%         N/A       100%        2
 Call Canine Familiar     Summ           0%         N/A       100%        3
 Gell's Gravitas          Tloc           0%         N/A       100%        3
 Teleport Other           Tloc           0%         N/A       100%        3
 Leda's Liquefaction      Alch/Erth      0%         N/A       100%        4
 Summon Blazeheart Golem  Fire/Summ      0%         N/A       100%        4
 Lee's Rapid Deconstruct  Erth           0%         3d4*      100%        5
 Permafrost Eruption      Ice/Erth       0%         2x4d2     100%        6


Dungeon Overview and Level Annotations

Branches:
Dungeon (11/15)            Temple (1/1) D:6           Sewer (visited)
Ossuary (visited)
   Lair: D:8-11         Orc: D:9-12

Altars:
Ashenzari
Cheibriados
Dithmenos
Fedhas
Gozag
Hepliaklqana
Kikubaaqudgha
Makhleb
Nemelex Xobeh
Okawaru
Qazlal
Ru
Sif Muna
Trog
Uskayaw
Vehumet
Wu Jian
Xom
Yredelemnul
Lugonu

Shops:
D:4 [

Annotations:
D:7 2 transporters


Innate Abilities, Weirdness & Mutations

You have a pair of horns on your head.
You are partially covered in icy blue scales. (AC +2)
You sometimes gain a little power by taking damage.
A meltable shield of frost defends you. (SH +4)
Your natural rate of healing is unusually fast.


Message History

Your headbutt misses the manticore.
The manticore is moderately wounded.
You carefully extract the barbed spikes from your body.
The manticore bites you. The manticore barely misses you.
The manticore claws you but does no damage.
You hit the manticore. You freeze the manticore.
The manticore is heavily wounded.
The manticore bites you! You block the manticore's attack.
The manticore claws you but does no damage.
The manticore bites you. You block the manticore's attack.
The manticore barely misses you.
You hit the manticore. You freeze the manticore.
The manticore is heavily wounded.
You block the manticore's attack. The manticore claws you!
The manticore barely misses you. You block the manticore's attack.
The manticore claws you but does no damage. x2
You slash the manticore! You freeze the manticore.
The manticore is severely wounded.
You block the manticore's attack.
The manticore claws you but does no damage.
You block the manticore's attack.
The manticore bites you but does no damage.
The manticore claws you.
The manticore claws you but does no damage.
Unknown command.
You feel better. The manticore bites you!
* * * LOW HITPOINT WARNING * * *
The manticore claws you.
* * * LOW HITPOINT WARNING * * *
You block the manticore's attack.
You hit the manticore. You freeze the manticore. You headbutt the manticore.
The manticore is almost dead.
The manticore bites you!
* * * LOW HITPOINT WARNING * * *
The manticore claws you.
* * * LOW HITPOINT WARNING * * *
You block the manticore's attack. x2
The manticore claws you but does no damage.
The manticore claws you!
You die...

#.#.......#[# #################..
#.##.....##[## #.. #.####.####..#
#.. #............# #..
###.######[[.##################..
#..[...........................
#..............................
#.............H§...............
######........@................
#.#####...##############.. #.#
#...# #.. #.# #...# #..
######.#####.<.# #.>
#..............# #.#
#..............################
########...................§§§.
#.................######


You could see a manticore.

Vanquished Creatures
  Maggie (D:6)
  A kobold demonologist (D:10)
  Sigmund (D:4)
  A wraith (D:10)
  5 yaks (D:9)
  A wyvern (D:10)
  5 steam dragons
  Duvessa (D:7)
  Edmund (D:4)
  2 orc warriors
  2 ogres
  5 centaurs
  4 phantoms
  4 kobold brigands
  6 bullfrogs
  A gnoll sergeant (D:8)
  4 scorpions
  19 wights
  Dowan (D:7)
  8 killer bees
  A howler monkey (D:3)
  A bullfrog zombie (Ossuary)
  A jelly (D:6)
  2 hounds
  2 bombardier beetles
  2 orc priests
  2 gnoll boudas (D:8)
  Ijyb (D:4)
  Natasha (thrice) (D:4)
  2 iguanas
  5 orc wizards
  A hell rat (Sewer)
  4 crocodile zombies (Ossuary)
  2 hound zombies (Ossuary)
  11 mummies (Ossuary)
  5 howler monkey zombies (Ossuary)
  14 adders
  19 gnolls
  2 river rats (Sewer)
  A shadow imp (D:5)
  4 ribbon worms
  3 dart slugs
  22 orcs
  6 bats
  7 endoplasms
  6 giant cockroaches
  3 goblins
  8 hobgoblins
  9 kobolds
  A quokka (D:1)
  9 ball pythons
  4 ball python zombies (Ossuary)
  4 frilled lizards
  12 rats
252 creatures vanquished.

Vanquished Creatures (others)
  An orc wizard (D:4)
1 creature vanquished.

Grand Total: 253 creatures vanquished

Notes
Turn   | Place    | Note
-------+----------+-------------------------------------------
     0 | D:1      | Nvm9 the Demonspawn Fighter began the quest for the Orb.
     0 | D:1      | Reached XP level 1. HP: 18/18 MP: 1/1
    75 | D:1      | Gained mutation: You are partially covered in icy blue
                  | scales. (AC +2) [demonic ancestry]
    75 | D:1      | Reached XP level 2. HP: 18/24 MP: 2/2
   311 | D:1      | Gained mutation: Your magical capacity is low. (-10% MP)
                  | [potion of mutation]
   339 | D:1      | Gained mutation: You have a pair of small horns on your
                  | head. [demonic ancestry]
   339 | D:1      | Reached XP level 3. HP: 22/25 MP: 2/2
   763 | D:2      | Reached XP level 4. HP: 33/35 MP: 3/3
   804 | D:2      | Reached skill level 1 in Throwing
   932 | D:2      | Found a faded altar of an unknown god.
  1054 | D:2      | Gained mutation: You have a pair of horns on your head.
                  | [demonic ancestry]
  1054 | D:2      | Reached XP level 5. HP: 37/42 MP: 4/4
  1195 | D:3      | Found a glowing drain.
  1199 | Sewer    | Entered a sewer
  1396 | Sewer    | Lost mutation: Your magical capacity is low. (-10% MP)
                  | [potion of mutation]
  1396 | Sewer    | Gained mutation: Your mind is acute. (Int +4, Str/Dex -1)
                  | [potion of mutation]
  1909 | D:3      | Reached XP level 6. HP: 48/48 MP: 6/6
  2229 | D:4      | Noticed Natasha
  2235 | D:4      | Killed Natasha
  2365 | D:4      | Found Huclac's Armour Boutique.
  2398 | D:4      | Noticed Natasha
  2401 | D:4      | Noticed Sigmund
  2403 | D:4      | Killed Natasha
  2411 | D:4      | Killed Sigmund
  2412 | D:4      | Reached XP level 7. HP: 50/55 MP: 7/7
  2457 | D:4      | Noticed Natasha
  2464 | D:4      | Killed Natasha
  2962 | D:4      | Noticed Edmund
  2975 | D:4      | Killed Edmund
  2976 | D:4      | Reached skill level 5 in Fighting
  3220 | D:4      | Noticed Ijyb
  3234 | D:4      | Killed Ijyb
  3574 | D:5      | Entered Level 5 of the Dungeon
  3575 | D:5      | Identified a scroll of acquirement
  3575 | D:5      | Acquired 890 gold pieces
  3616 | D:5      | Gained mutation: You sometimes gain a little power by
                  | taking damage. [demonic ancestry]
  3616 | D:5      | Reached XP level 8. HP: 62/62 MP: 8/8
  3693 | D:5      | Reached skill level 5 in Armour
  3693 | D:5      | Reached skill level 5 in Shields
  3914 | D:5      | Found a sand-covered staircase.
  3921 | Ossuary  | Entered an ossuary
  4275 | Ossuary  | Reached skill level 5 in Axes
  4330 | Ossuary  | Lost mutation: Your mind is acute. (Int +4, Str/Dex -1)
                  | [potion of mutation]
  4330 | Ossuary  | Gained mutation: Your natural rate of healing is unusually
                  | fast. [potion of mutation]
  4737 | D:5      | Found a sacrificial altar of Ru.
  5297 | D:6      | Found a staircase to the Ecumenical Temple.
  5303 | Temple   | Entered the Ecumenical Temple
  5324 | D:6      | Reached XP level 9. HP: 60/68 MP: 9/9
  5506 | D:6      | Noticed Maggie
  5520 | D:6      | Killed Maggie
  5620 | D:6      | Found a shimmering altar of Xom.
  5698 | D:6      | Found a basalt altar of Yredelemnul.
  5717 | D:6      | Found an iron altar of Okawaru.
  5849 | D:6      | Found a stormy altar of Qazlal.
  5893 | D:6      | Found a radiant altar of Vehumet.
  5931 | D:6      | Became a worshipper of Qazlal Stormbringer
  6202 | D:6      | Found an ornate altar of the Wu Jian Council.
  6328 | D:7      | Found a transporter.
  6334 | D:7      | Noticed a cyan ugly thing
  6335 | D:7      | Found a transporter.
  6335 | D:7      | Found a corrupted altar of Lugonu.
  6335 | D:7      | Noticed a brown ugly thing
  6337 | D:7      | Noticed a green ugly thing
  6463 | D:7      | Noticed Duvessa
  6464 | D:7      | Noticed Dowan
  6472 | D:7      | Killed Duvessa
  6473 | D:7      | Killed Dowan
  6601 | D:8      | Identified the +9 flail of the Painted God {freeze, *Slow
                  | +Blink rC+ rN+}
  6675 | D:8      | Reached * piety under Qazlal
  6710 | D:8      | Gained mutation: A meltable shield of frost defends you.
                  | (SH +4) [demonic ancestry]
  6710 | D:8      | Reached XP level 10. HP: 60/72 MP: 10/10
  8261 | D:10     | Entered Level 10 of the Dungeon
  8505 | D:10     | Found a snail-covered altar of Cheibriados.
  8643 | D:10     | Reached ** piety under Qazlal
  8677 | D:10     | Found a hide-covered altar of Uskayaw.
  9141 | D:10     | Found a hazy altar of Hepliaklqana.
  9167 | D:11     | Noticed a manticore
  9183 | D:10     | HP: 4/82 [manticore (15)]
  9183 | D:10     | Slain by a manticore

Illustrated notes

Levels and vault maps discovered:
D:1:      heliophobic_arrival_henge, layout_loops_ring, serial_bayou_pond_d
D:2:      layout_rooms, dreamdust_ecumenical_altar_statues
D:3:      minmay_skewed_foursquare, layout_basic,
          mainiacjoe_sewer_entry_somewhere_in_here_2
D:4:      layout_loops_ring, serial_shops, shop, grunt_ministairs_13,
          st_stairs_12, serial_library_hellmonk_double_dead_end, uniq_edmund,
          uniq_sigmund, uniq_natasha, uniq_ijyb
D:5:      layout_basic, elyvilon_altar_3, nicolae_overflow_hidden_temple,
          nicolae_ossuary_entry_monument
D:6:      layout_loops_corners, nicolae_overflow_quartered_altars,
          nicolae_wu_jian_glorious_leap, lemuel_doored_altar,
          minmay_temple_entry_hall, uniq_maggie
D:7:      gammafunk_corrupted_shrine, layout_gridville,
          gammafunk_ghost_necromancy, uniq_duvessa, uniq_menkaure
D:8:      layout_gridville, chequers_serial_rivers_room_b,
          kennysheep_flooded_box, minmay_misc_feat_x
D:9:      layout_rooms, marbit_many_paths
D:10:     layout_small_grid, chei_slow_surprise, old_standard_altar,
          nzn_hepliaklqana_mist_gate
D:11:     layout_irregular_city, lair_entry_dummy, uniq_nergalle
Temple:   nicolae_temple_bog_church

Skill      XL: |  1  2  3  4  5  6  7  8  9 10 |
---------------+-------------------------------+-----
Axes           | 2 3 4 5 6 7 |  7.7
Shields        | 3 4 5 6 8 |  8.0
Armour         | 3 4 5 6 8 |  8.0
Throwing       | 1 2 3 |  3.3
Fighting       | 4 5 6 7 8 |  8.8

Action                     |  1- 3 |  4- 6 |  7- 9 | 10-12 || total
---------------------------+-------+-------+-------+-------++-------
  Melee: War axe           |    92 |   132 |   379 |   194 ||   797
         Headbutt          |     4 |    15 |    97 |    36 ||   152
  Throw: Dart              |       |       |     8 |     3 ||    11
    Use: Potion            |     1 |     4 |     5 |     3 ||    13
         Scroll            |       |     7 |     2 |     5 ||    14
 Armour: Scale mail        |    59 |       |       |       ||    59
         Chain mail        |    38 |   119 |   223 |       ||   380
         Plate armour      |       |       |    83 |   264 ||   347
  Dodge: Dodged            |    38 |    31 |    86 |    63 ||   218
  Block: Buckler           |    25 |    31 |   134 |   202 ||   392

Table legend: (Time is in decaauts)
 A = Elapsed time spent in this place.
 B = Non-inter-level travel time spent in this place.
 C = Inter-level travel time spent in this place.
 D = Time resting spent in this place.
 E = Time spent auto-exploring this place.
 F = Levels seen in this place.
 G = Mean time per level.
                   A        B        C        D        E       F      G
               +--------+--------+--------+--------+--------+-----+--------+
         Total |   9483 |   8921 |    562 |   1195 |   5186 |  14 |  677.4 |
       Dungeon |   8476 |   7914 |    562 |    841 |   5135 |  11 |  770.5 |
        Temple |      1 |      1 |      0 |      0 |      0 |   1 |    1.0 |
         Sewer |    251 |    251 |      0 |    129 |      0 |   1 |  251.0 |
       Ossuary |    752 |    752 |      0 |    225 |     50 |   1 |  752.0 |
               +--------+--------+--------+--------+--------+-----+--------+

Top non-repeatable levels by time:
     D:4: 1451 daAuts
     D:6: 1301 daAuts
     D:8: 1063 daAuts
     D:5: 971 daAuts
    D:10: 870 daAuts
     D:3: 862 daAuts
 Ossuary: 752 daAuts
     D:1: 700 daAuts
     D:9: 548 daAuts
     D:2: 480 daAuts
   Sewer: 251 daAuts
     D:7: 218 daAuts
    D:11: 9 daAuts
  Temple: 1 daAuts
